 Dungeon Crawl Stone Soup version 0.28-a0-475-g7dc2aef8ca (webtiles) character file.

Game seed: 6858495859972648057

82 Jawa73 the Covered (level 4, -1/29 HPs)
             Began as a Gargoyle Fighter on Sept 16, 2021.
             Slain by an orc (2 damage)
             ... on level 2 of the Dungeon.
             The game lasted 00:04:36 (1950 turns).

Jawa73 the Covered (Gargoyle Fighter)               Turns: 1950, Time: 00:04:37

Health: -1/29      AC: 10    Str: 21    XL:     4   Next: 43%
Magic:  4/4        EV:  9    Int:  8    God:
Gold:   26         SH:  4    Dex:  9    Spells: 3/3 levels left

rFire   . . .      SeeInvis .   a - +2 flail (freeze)
rCold   . . .      Faith    .   c - +0 buckler
rNeg    + . .      Spirit   .   b - +0 scale mail
rPois   ∞          Reflect  .   (no helmet)
rElec   +          Harm     .   (no cloak)
rCorr   .          Rampage  .   (no gloves)
Will    .....                   (no boots)
Stlth   ..........              (no amulet)
HPRegen 0.09/turn               (no ring)
MPRegen 0.09/turn               (no ring)

@: mighty, silenced (expiring)
A: sickness immunity, AC +3, negative energy resistance 1, electricity
resistance, torment resistance 1, petrification resistance
a: no special abilities


You were on level 2 of the Dungeon.
You visited 1 branch of the dungeon, and saw 2 of its levels.

You collected 26 gold pieces.

Inventory:

Hand Weapons
 a - a +2 flail of freezing (weapon)
Armour
 b - a +0 scale mail (worn)
 c - a +0 buckler (worn)
Scrolls
 h - a scroll of summoning
Potions
 e - a potion of flight {unknown}
 f - a potion of resistance {unknown}
 g - a potion of attraction {unknown}


   Skills:
 * Level 3.7 Fighting
 * Level 3.2 Maces & Flails
 * Level 3.9 Armour
 * Level 3.8 Shields


You had 3 spell levels left.
You didn't know any spells.
Your spell library was empty.

Dungeon Overview and Level Annotations

Branches:
Dungeon (2/15)

Altars:


Innate Abilities, Weirdness & Mutations

You are immune to sickness and miasma.
Your stone body is resilient. (AC +3)
You are immune to poison.
You resist negative energy. (rN+)
You are resistant to electric shocks. (rElec)
You are resistant to unholy torment.
You are immune to petrification.


Message History

The orc priest barely misses you.
You closely miss something.
The orc priest hits you but does no damage.
You sock the orc! You freeze the orc.
You kill the orc!
The orc hits you but does no damage.
The orc priest hits you but does no damage.
You block the orc's attack. Something hits you but does no damage.
The orc hits you but does no damage. x2; You block the orc priest's attack.
You have reached level 4!
You feel stronger.
You hit something. You freeze something. You block the orc's attack.
The orc hits you with a +0 hand axe. Something hits you.
The orc barely misses you.
The orc priest hits you but does no damage.
You closely miss something. The orc hits you but does no damage.
You block the orc's attack. Something completely misses you.
The orc hits you with a +0 club.
The orc priest hits you but does no damage.
You sock something! You freeze something.
Reactivating autopickup.
You feel a bit more experienced. The orc misses you. The orc barely misses you.
The orc closely misses you.
The orc priest hits you with a +0 short sword.
The orc hits you with a +0 whip.
Your Maces & Flails skill increases to level 3!
You hit the orc priest but do no damage.
The orc hits you with a +0 hand axe. The orc hits you but does no damage.
The orc priest hits you with a +0 short sword.
You block the orc's attack. The orc barely misses you.
You closely miss the orc priest. The orc hits you but does no damage.
The orc priest looks satisfied for a moment.
The orc closely misses you. You block the orc's attack.
The orc completely misses you.
The orc priest mumbles some strange prayers to Beogh against you.
Beogh smites you!
* * * LOW HITPOINT WARNING * * *
You feel very mighty all of a sudden. The orc hits you but does no damage.
The orc hits you with a +0 hand axe.
You die...

....# #.......##.##.#
#...#####.......##.##.#
#...............##.##.#**#
.#..##...........#.##.##.###*****
.#..#..#########.#...........,,,,
.#..#.#**........#...........,,,,
.#..#,**,.≈...≈..#...........,^,*
.#...,*,,......ooo#†#.##.(...,,,,
.#....*⌠,......o@...#.#*.####**,,
.#..#.*,,......)).#.#.#*,.,,,,,,,
.#.**,**,.≈...≈...#.#.#*,..,,,,,,
...,*,***...........#.#*,********
.#.,*,,**#######..###.#*+**
...,,*,,,,,,,,,....,,.#,,,*
.#.,,,,,*******##.#****,,,*
..(,,**,* **+#****,,,* ...*,**,*
*,,,,,**,,,*


You could see an orc priest and 3 orcs.

Vanquished Creatures
  An orc wizard (D:2)
  An orc (D:2)
  7 bats
  7 endoplasms
  4 giant cockroaches
  6 goblins
  3 hobgoblins
  4 jackals (D:1)
  A quokka (D:1)
  2 ball pythons
  2 frilled lizards (D:1)
  A kobold (D:2)
  7 rats (D:1)
46 creatures vanquished.

Vanquished Creatures (collateral kills)
  2 endoplasms (D:1)
  A frilled lizard (D:1)
  A rat (D:1)
4 creatures vanquished.

Vanquished Creatures (others)
  A plant (D:1)
1 creature vanquished.

Grand Total: 51 creatures vanquished

Notes
Turn   | Place    | Note
-------+----------+-------------------------------------------
     0 | D:1      | Jawa73 the Gargoyle Fighter began the quest for the Orb.
     0 | D:1      | Reached XP level 1. HP: 14/14 MP: 1/1
   296 | D:1      | Found a faded altar of an unknown god.
   352 | D:1      | Reached XP level 2. HP: 19/19 MP: 2/2
   813 | D:1      | Reached XP level 3. HP: 16/23 MP: 3/3
  1945 | D:2      | Reached XP level 4. HP: 29/29 MP: 4/4
  1949 | D:2      | HP: 1/29 [orc priest/divine providence (12)]
  1950 | D:2      | Slain by an orc

Illustrated notes

Levels and vault maps discovered:
D:1:      eino_arrival_druids_welcome, layout_loops_ring,
          chequers_ecumenical_altar_simple_redux,
          chequers_serial_rivers_small_b, minmay_3d_cube
D:2:      cheibrodos_pilgrimage, layout_basic

Skill      XL: |  1  2  3  4 |
---------------+-------------+-----
Maces & Flails | 3 |  3.2
Fighting       | |  3.7
Armour         | |  3.9
Shields        | |  3.8

Action                   |  1- 3 |  4- 6 || total
-------------------------+-------+-------++-------
Melee: Flail             |   126 |     5 ||   131
  Use: Scroll            |     9 |       ||     9
       Potion            |       |     1 ||     1
Armor: Scale mail        |    84 |     6 ||    90
Dodge: Dodged            |    65 |     8 ||    73
Block: Buckler           |    38 |     4 ||    42

Table legend: (Time is in decaauts)
 A = Elapsed time spent in this place.
 B = Non-inter-level travel time spent in this place.
 C = Inter-level travel time spent in this place.
 D = Time resting spent in this place.
 E = Time spent auto-exploring this place.
 F = Levels seen in this place.
 G = Mean time per level.
                   A        B        C        D        E       F      G
               +--------+--------+--------+--------+--------+-----+--------+
         Total |   1987 |   1947 |     40 |      0 |   1493 |   2 |  993.5 |
       Dungeon |   1987 |   1947 |     40 |      0 |   1493 |   2 |  993.5 |
               +--------+--------+--------+--------+--------+-----+--------+

Top non-repeatable levels by time:
     D:1: 1752 daAuts
     D:2: 234 daAuts
